 Dungeon Crawl Stone Soup version 0.31-a0-217-g58bb5d79cf (webtiles) character file.

Game seed: 2423394891608652601

8484 frimble the Carver (level 11, -2/77 HPs)
             Began as an Octopode Warper on July 3, 2023.
             Was a Believer of Cheibriados.
             Slain by a black mamba (18 damage)
             ... on level 10 of the Dungeon.
             The game lasted 00:18:27 (11543 turns).

frimble the Carver (Octopode Warper)               Turns: 11543, Time: 00:18:28

Health: -2/77      AC:  1    Str: 16    XL:     11   Next: 31%
Magic:  14/14      EV: 19    Int: 24    God:    Cheibriados [**....]
Gold:   651        SH:  0    Dex: 23    Spells: 8/14 levels left

rFire   . . .        v - +5 demon blade (venom)
rCold   . . .        (no shield)
rNeg    . . .        (helmet restricted)
rPois   .            k - amulet of magic regeneration
rElec   .            d - +6 ring of dexterity
rCorr   .            n - ring of willpower
SInv    .            (no ring)
Will    +....        (no ring)
Stlth   ++++         (no ring)
HPRegen 0.32/turn    (no ring)
MPRegen 0.54/turn    (no ring)
                     (no ring)

%: no passive effects
@: very slow
A: almost no armour, amphibious, 8 rings, camouflage 1, gelatinous body 1,
(nimble swimmer 1), tentacles
a: Renounce Religion, Bend Time


You were on level 10 of the Dungeon.
You worshipped Cheibriados.
Cheibriados was pleased with you.
You visited 2 branches of the dungeon, and saw 11 of its levels.
You also visited: Sewer and Bailey.

You collected 723 gold pieces.
You spent 72 gold pieces at shops.

Inventory:

Hand Weapons
 v - a +5 demon blade of venom (weapon)
Missiles
 c - 6 boomerangs of dispersal
 y - 3 throwing nets
 E - 23 boomerangs (quivered)
Jewellery
 a - a ring of flight
 d - a +6 ring of dexterity (left tentacle)
 k - an amulet of magic regeneration (around mantle)
 n - a ring of willpower (right tentacle)
 C - a ring of ice
Wands
 r - a wand of polymorph (9)
 t - a wand of flame (8)
 z - a wand of quicksilver (3)
 G - a wand of iceblast (4)
Scrolls
 b - 2 scrolls of blinking
 i - 8 scrolls of teleportation
 l - a scroll of torment
 B - 2 scrolls of revelation
 D - a scroll of fog
Potions
 e - 2 potions of heal wounds
 f - 5 potions of ambrosia
 h - 3 potions of cancellation
 j - 4 potions of brilliance {unknown}
 m - a potion of berserk rage {unknown}
 o - a potion of attraction {unknown}
 p - 3 potions of haste
 q - 3 potions of resistance
 w - a potion of might {unknown}
 x - a potion of curing
 A - a potion of mutation {unknown}
 F - 4 potions of enlightenment
 H - a potion of invisibility {unknown}
Miscellaneous
 s - a phantom mirror (inert)
 u - a phial of floods


   Skills:
 + Level 8.0 Fighting
 - Level 3.8(7.4) Short Blades
 * Level 10.0(10.3) Long Blades
 - Level 1.0 Throwing
 + Level 8.0 Dodging
 - Level 5.0 Stealth
 - Level 2.0 Spellcasting
 + Level 4.0 Translocations
 + Level 7.6 Evocations


You had 8 spell levels left.
You knew the following spells:

 Your Spells              Type           Power      Damage    Failure   Level
a - Blink                 Tloc           42%        N/A       3%          2
b - Passage of Golubria   Tloc           21%        N/A       22%         4

Your spell library contained the following spells:

 Spells                   Type           Power      Damage    Failure   Level
 Lesser Beckoning         Tloc           42%        N/A       3%          2
 Teleport Other           Tloc           21%        N/A       7%          3
 Shock                    Conj/Air       8%         1d3       12%         1
 Vhi's Electric Charge    Tloc/Air       24%        N/A       16%         3
 Manifold Assault         Tloc           21%        N/A       22%         4
 Swiftness                Air            2%         N/A       34%         3
 Tukima's Dance           Hex            2%         N/A       34%         3
 Airstrike                Air            1%         2d(1-17)  75%         4
 Yara's Violent Unravell  Hex/Tmut       1%         3d3       97%         5


Dungeon Overview and Level Annotations

Branches:
Dungeon (10/15)            Temple (1/1) D:7            Lair (0/5) D:9
  Sewer (visited)          Bailey (visited)
    Orc: D:9-12

Altars:
Ashenzari
Cheibriados
Dithmenos
Elyvilon
Fedhas
Gozag
Hepliaklqana
Kikubaaqudgha
Makhleb
Okawaru
Sif Muna
Uskayaw
Wu Jian
Xom
Yredelemnul
Zin
The Shining One

Shops:
D:2 (!?   D:8 *   D:10 :


Innate Abilities, Weirdness & Mutations

You cannot wear most types of armour.
You are amphibious.
You can wear up to eight rings at the same time.
Your skin changes colour to match your surroundings (Stealth+).
Your rubbery body absorbs attacks. (AC +1, EV +1)
((You are camouflaged when in or above water. (Stealth+)))
You have tentacles for arms and can constrict up to eight enemies at once.


Message History

You kill the gnoll sergeant!
Cheibriados appreciates the change of pace.
Your Long Blades skill increases to level 10!
Unknown command.
Something barely misses you.
The gnoll hits you from afar with a +1 spear of flaming!
The gnoll burns you.
Things that are here:
a +2 shortbow of freezing; a centaur corpse
Aiming: Iceblast
Press: ? - help, Shift-Dir - straight line, f - gnoll
Aim: a gnoll, wielding a +1 spear of flaming The mass of ice explodes!
The iceblast engulfs the gnoll!!
You kill the gnoll!
Cheibriados appreciates the change of pace.
The iceblast engulfs the gnoll!!
You kill the gnoll!
Cheibriados appreciates the change of pace. x2
You feel a bit more experienced. Something hits you!
* * * LOW HITPOINT WARNING * * *
Deactivating autopickup; reactivate with Ctrl-A.
You feel much better. Something hits you. Something hits you.
Something barely misses you. Something hits you.
You slice something!! Something hits you. Something hits you.
* * * LOW HITPOINT WARNING * * *
Things that are here:
a +2 shortbow of freezing; a centaur corpse
As you read the scroll of fog, it dissolves into smoke.
Something hits you.
* * * LOW HITPOINT WARNING * * *
Aiming: Polymorph
Press: ? - help, Shift-Dir - straight line
Aim: Disturbance (purple smoke)
A black mamba appears out of thin air!
Reactivating autopickup.
You hit the black mamba. Your grab misses the black mamba.
The black mamba is almost dead.
The black mamba completely misses you. The black mamba bites you!!
You die...

*,*#.***,,,***,,.,*
*,*#.* **,**
***#.** *,*#.* *,*
#..* **,*#.* *,#
*#.###
#.,,#(####.###**
#....
#.#,*.........,*
###..
*.<,*#§§)..#**,*
#.. *#.**#§#****
*,* #.. ##.###@##
*,* #..
*#####...#§S§## *,*
#.. *......#.§§§§§#
*,* #..
*,***#...#....##
*,* #.. *,*
##.###....# *^* ##.
*,* #.#...#..# *,*
## *,* #...#.#..#
*,* *,* ###...#..#
*.# *,* ##.##..#
*.#


You could see a black mamba.

Vanquished Creatures
  A centaur warrior (D:8)
  A death knight (D:8)
  Pikel (D:4)
  An orc knight (Bailey)
  A black mamba (D:10)
  A troll (D:10)
  3 wyverns
  A yak (D:9)
  Sigmund (D:3)
  A vampire (D:10)
  3 steam dragons (D:7)
  2 water moccasins
  7 orc warriors
  2 ice beasts
  A sky beast (D:6)
  2 black bears
  2 ogres
  9 centaurs
  A lemure (D:4)
  A phantom (D:4)
  A gnoll sergeant (D:10)
  2 kobold brigands
  4 bullfrogs
  A scorpion (D:5)
  6 wights
  5 killer bees (D:6)
  3 howler monkeys
  3 electric eels (D:8)
  2 hounds
  A jelly (D:5)
  Crazy Yiuf (D:3)
  3 gnoll boudas
  3 orc priests
  Ijyb (D:3)
  5 iguanas
  6 orc wizards
  Robin (D:3)
  8 adders
  29 gnolls
  A white imp (D:6)
  2 ufetubi
  3 worms
  3 dart slugs
  15 orcs
  4 bats
  9 endoplasms
  14 giant cockroaches
  18 goblins
  18 hobgoblins
  7 jackals
  7 quokkas
  8 ball pythons
  13 frilled lizards
  23 kobolds
  9 rats
281 creatures vanquished.

Vanquished Creatures (others)
  A gnoll (D:7)
1 creature vanquished.

Grand Total: 282 creatures vanquished

Notes
Turn   | Place    | Note
-------+----------+-------------------------------------------
     0 | D:1      | frimble the Octopode Warper began the quest for the Orb.
     0 | D:1      | Reached XP level 1. HP: 14/14 MP: 3/3
   236 | D:1      | Reached XP level 2. HP: 19/19 MP: 5/5
   442 | D:1      | Reached skill level 1 in Stealth
   688 | D:2      | Reached XP level 3. HP: 14/25 MP: 6/6
   759 | D:2      | Learned a level 2 spell: Blink
   804 | D:2      | Found Inosok's Distillery.
   807 | D:2      | Found Qeleplal's Magic Scroll Emporium.
   815 | D:2      | Bought a scroll of teleportation for 30 gold pieces
   815 | D:2      | Bought a scroll of teleportation for 30 gold pieces
   916 | D:2      | Bought a potion of degeneration for 12 gold pieces
   922 | D:2      | Found Huxtawk's Antique Weapon Shoppe.
   945 | D:2      | Reached XP level 4. HP: 30/30 MP: 7/7
  1520 | D:3      | Found a runed translucent door.
  1521 | D:3      | Noticed Crazy Yiuf
  1654 | D:3      | Noticed Ijyb
  1688 | D:5      | Entered Level 5 of the Dungeon
  1714 | D:5      | Found a shimmering blue altar of Sif Muna.
  1779 | D:5      | Noticed a scorpion
  1796 | D:5      | Killed a scorpion
  1797 | D:5      | Reached XP level 5. HP: 28/36 MP: 8/8
  1858 | D:5      | Noticed an ogre
  1867 | D:5      | Killed an ogre
  1868 | D:5      | Reached XP level 6. HP: 11/42 MP: 9/9
  2230 | D:5      | Found a glowing drain.
  2281 | Sewer    | Entered a sewer
  2383 | Sewer    | Reached skill level 1 in Evocations
  2383 | Sewer    | Reached XP level 7. HP: 47/47 MP: 10/10
  2394 | Sewer    | Identified the +4 pair of boots of the Lute {rPois rF+
                  | Str+2}
  2510 | Sewer    | Identified a scroll of acquirement
  2510 | Sewer    | Acquired a +2 demon blade of venom
  2908 | D:4      | Reached skill level 1 in Long Blades
  3265 | D:4      | Reached skill level 2 in Long Blades
  3390 | D:4      | Noticed Pikel
  3398 | D:4      | Killed Pikel
  3399 | D:4      | Reached skill level 4 in Long Blades
  3399 | D:4      | Reached skill level 5 in Stealth
  3399 | D:4      | Reached XP level 8. HP: 41/54 MP: 11/11
  3782 | D:3      | Noticed Sigmund
  3799 | D:3      | Noticed Robin
  3805 | D:3      | Killed Robin
  3808 | D:3      | Killed Sigmund
  3809 | D:3      | Reached skill level 5 in Fighting
  3809 | D:3      | Reached skill level 5 in Dodging
  3986 | D:3      | Killed Ijyb
  4368 | D:3      | Killed Crazy Yiuf
  4715 | D:6      | Reached skill level 5 in Long Blades
  4727 | D:6      | Reached XP level 9. HP: 31/61 MP: 12/12
  5298 | D:6      | Reached skill level 6 in Long Blades
  5310 | D:6      | HP: 3/62 [killer bee (4)]
  5987 | D:7      | Reached skill level 5 in Evocations
  6140 | D:7      | Learned a level 4 spell: Passage of Golubria
  6696 | D:7      | Reached skill level 7 in Long Blades
  7177 | D:7      | an orc warrior changed into a meliai
  7177 | D:7      | Noticed a meliai
  7178 | D:7      | a meliai changed into a steam dragon
  7188 | D:7      | Reached XP level 10. HP: 41/69 MP: 13/13
  7411 | D:7      | Found a staircase to the Ecumenical Temple.
  8070 | Temple   | Entered the Ecumenical Temple
  8097 | Temple   | Became a worshipper of Cheibriados the Contemplative
  8387 | D:8      | Noticed a centaur warrior
  8389 | D:8      | Noticed a death knight
  8397 | D:8      | Killed a centaur warrior
  8398 | D:8      | Reached skill level 8 in Long Blades
  8931 | D:9      | Noticed an elephant
  9269 | D:8      | Reached * piety under Cheibriados
  9514 | D:8      | Found Jyzoosch's Fire Supplies.
  9713 | D:8      | Killed a death knight
  9714 | D:8      | Reached skill level 9 in Long Blades
 10044 | D:9      | Found a staircase to the Lair.
 10065 | D:9      | Reached XP level 11. HP: 75/75 MP: 14/14
 10363 | D:10     | Entered Level 10 of the Dungeon
 10363 | D:10     | Found Tiddil's Book Emporium.
 10411 | D:10     | Found a flagged portal.
 10442 | Bailey   | Entered a bailey
 10592 | Bailey   | Noticed an orc knight
 10671 | Bailey   | Reached ** piety under Cheibriados
 10804 | Bailey   | Killed an orc knight
 11535 | D:10     | Reached skill level 10 in Long Blades
 11543 | D:10     | Slain by a black mamba

Illustrated notes

Levels and vault maps discovered:
D:1:      dpeg_arrival_three_same_balls, layout_basic
D:2:      layout_rooms, serial_shops, nicolae_shop_behind_doors, shop, shop
D:3:      minmay_chambers_of_threes, layout_basic,
          chequers_serial_rivers_large_a, uniq_sigmund, uniq_robin, uniq_ijyb,
          uniq_crazy_yiuf_cottage
D:4:      layout_loops_ring, kennysheep_another_room, kennysheep_donut,
          uniq_pikel
D:5:      layout_basic, mainiacjoe_overflow_tiny_flanked, gup_sewer_entry_glass
D:6:      layout_gridville
D:7:      layout_layer_cave, temple_doors_e, nicolae_figureground_pulse
D:8:      minmay_chambers_of_sixes, layout_basic, nicolae_shop_fire_sale
          [nicolae_sub_dead_trees]
D:9:      layout_rooms, david_lair_generic, wad_floor_pattern_1
D:10:     layout_loops_ring, serial_shops, nicolae_shop_statue_plus,
          enter_bailey_4
Temple:   grunt_wide_crystal_templ

Skill      XL: |  1  2  3  4  5  6  7  8  9 10 11 |
---------------+----------------------------------+-----
Stealth        | 1 2 3 4 5 |  5.0
Short Blades   | 3 |  3.8
Fighting       | 3 4 5 6 7 8 |  8.0
Dodging        | 3 4 5 6 7 8 |  8.0
Translocations | 4 |  4.0
Evocations     | 1 3 4 5 7 |  7.6
Long Blades    | 4 5 7 9 10 | 10.0
Throwing       | |  1.0
Spellcasting   | |  2.0

Action                     |  1- 3 |  4- 6 |  7- 9 | 10-12 || total
---------------------------+-------+-------+-------+-------++-------
  Melee: Short sword       |    62 |    51 |       |       ||   113
         Tentacles         |    13 |    27 |    48 |    45 ||   133
         Constrict         |    15 |    22 |    59 |    31 ||   127
         Punch             |       |     1 |     2 |     3 ||     6
         Rapier            |       |    41 |    14 |       ||    55
         Demon blade       |       |       |   240 |   180 ||   420
  Throw: Boomerang         |       |       |     1 |     9 ||    10
   Cast: Blink             |       |       |     5 |     3 ||     8
         Passage of Golubr |       |       |       |     1 ||     1
  Evoke: Wand              |       |       |    19 |    17 ||    36
         Phantom mirror    |       |       |       |     1 ||     1
    Use: Scroll            |     3 |       |    11 |     7 ||    21
         Potion            |       |       |     3 |     4 ||     7
   Stab: Sleeping          |     5 |    12 |    21 |    15 ||    53
         Distracted        |       |       |     1 |     2 ||     3
         Paralysed         |       |       |     3 |     1 ||     4
 Armour: Skin              |     3 |     3 |    11 |     9 ||    26
  Dodge: Dodged            |    29 |    42 |   192 |   183 ||   446

Table legend: (Time is in decaauts)
 A = Elapsed time spent in this place.
 B = Non-inter-level travel time spent in this place.
 C = Inter-level travel time spent in this place.
 D = Time resting spent in this place.
 E = Time spent auto-exploring this place.
 F = Levels seen in this place.
 G = Mean time per level.
                   A        B        C        D        E       F      G
               +--------+--------+--------+--------+--------+-----+--------+
         Total |  12151 |  11628 |    523 |    517 |   8938 |  13 |  934.7 |
       Dungeon |  11087 |  10584 |    503 |    451 |   8422 |  10 | 1108.7 |
        Temple |     44 |     24 |     20 |      0 |     13 |   1 |   44.0 |
         Sewer |    319 |    319 |      0 |      0 |    163 |   1 |  319.0 |
        Bailey |    700 |    700 |      0 |     66 |    339 |   1 |  700.0 |
               +--------+--------+--------+--------+--------+-----+--------+

Top non-repeatable levels by time:
     D:7: 2007 daAuts
     D:6: 1566 daAuts
     D:8: 1497 daAuts
     D:3: 1229 daAuts
     D:9: 1080 daAuts
     D:4: 955 daAuts
     D:5: 770 daAuts
    D:10: 733 daAuts
  Bailey: 700 daAuts
     D:1: 651 daAuts
     D:2: 595 daAuts
   Sewer: 319 daAuts
  Temple: 44 daAuts
